MLB
NEW YORK METS @ WASHINGTON NATIONALS
08/18/2049
 
TOP OF THE 1ST
New York Mets batting - Pitching for Washington Nationals : RHP Jon Glenn
Pitching: RHP Jon Glenn
Batting: LHB Chris Ringwood 0-0: Called Strike
0-1: Ball
1-1: Ball
2-1: Ground out 4-3 (Groundball, 4, EV 81.9 MPH)
Batting: RHB Finn Ross 0-0: Called Strike
0-1: Swinging Strike
0-2: Ball
1-2: Ball
2-2: DOUBLE (Flyball, 8LXD, EV 95.0 MPH)
Batting: LHB Kyle Beaulieu 0-0: Called Strike
0-1: Ball
1-1: Called Strike
1-2: Ground out 4-3 (Groundball, 4, EV 83.1 MPH)
Finn Ross to third
Batting: SHB Roberto Magne 0-0: Swinging Strike
0-1: Ball
1-1: Ground out 4-3 (Groundball, 4, EV 83.8 MPH)
Top of the 1st over - 0 runs, 1 hit, 0 errors, 1 left on base; New York 0 - Washington 0
BOTTOM OF THE 1ST
Washington Nationals batting - Pitching for New York Mets : RHP Andy Reinhardt
Pitching: RHP Andy Reinhardt
Batting: RHB Tommy Baird 0-0: Fly out, F9 (Flyball, 9D, EV 91.9 MPH)
Batting: RHB Dave Vargas 0-0: Ball
1-0: Ball
2-0: Ball
3-0: Ground out 4-3 (Groundball, 4S, EV 83.8 MPH)
Batting: LHB Seth Cook 0-0: Foul Ball, location: 2F
0-1: Ball
1-1: Swinging Strike
1-2: Ground out U3 (Groundball, 34, EV 110.6 MPH)
Bottom of the 1st over - 0 runs, 0 hits, 0 errors, 0 left on base; New York 0 - Washington 0
TOP OF THE 2ND
New York Mets batting - Pitching for Washington Nationals : RHP Jon Glenn
Batting: RHB Josh Jones 0-0: Ball
1-0: Foul Ball, location: 2F
1-1: Ball
2-1: Swinging Strike
2-2: Ball
3-2: Strikes out looking
Batting: SHB Jason Larson 0-0: Ball
1-0: Swinging Strike
1-1: Foul Ball, location: 2F
1-2: Ball
2-2: Fly out, F3 (Line Drive, 3L, EV 65.6 MPH)
Batting: SHB Billy Encinias 0-0: SINGLE (Line Drive, 3L, EV 99.4 MPH)
Batting: SHB Luke Robbins 0-0: Called Strike
0-1: Foul Ball, location: 2F
0-2: Fly out, F7 (Flyball, 78M, EV 76.2 MPH)
Top of the 2nd over - 0 runs, 1 hit, 0 errors, 1 left on base; New York 0 - Washington 0
BOTTOM OF THE 2ND
Washington Nationals batting - Pitching for New York Mets : RHP Andy Reinhardt
Batting: RHB Kirk Arp 0-0: Ball
1-0: Ball
2-0: Called Strike
2-1: Ball
3-1: Called Strike
3-2: Foul Ball, location: 2F
3-2: Fly out, F9 (Line Drive, 89M, EV 97.5 MPH)
Batting: RHB John Sanders 0-0: Foul Ball, location: 2F
0-1: SINGLE (Flyball, 4MD, EV 87.5 MPH)
Batting: RHB Dan Fallon 0-0: Called Strike
0-1: Ball
1-1: SINGLE (Groundball, 34D, EV 105.6 MPH)
John Sanders to second
Runner from 2nd tries for 3rd, SAFE, throw by RF made to third
Batting: LHB Bob Melley 0-0: Ball
1-0: Foul Ball, location: 2F
1-1: Called Strike
1-2: Grounds into double play, U3-6 (Groundball, 3L, EV 103.8 MPH)
Bottom of the 2nd over - 0 runs, 2 hits, 0 errors, 1 left on base; New York 0 - Washington 0
TOP OF THE 3RD
New York Mets batting - Pitching for Washington Nationals : RHP Jon Glenn
Batting: RHB Devine Adams 0-0: Foul Ball, location: 2F
0-1: Ground out 5-3 (Groundball, 56S, EV 67.5 MPH)
Batting: LHB Chris Ringwood 0-0: Foul Ball, location: 2F
0-1: Ball
1-1: Ball
2-1: SINGLE (Line Drive, 34D, EV 96.9 MPH)
Batting: RHB Finn Ross 0-0: Foul Ball, location: 2F
0-1: Swinging Strike
0-2: Strikes out swinging
Batting: LHB Kyle Beaulieu Pickoff Throw to First - Out! 1-3
Top of the 3rd over - 0 runs, 1 hit, 0 errors, 0 left on base; New York 0 - Washington 0
BOTTOM OF THE 3RD
Washington Nationals batting - Pitching for New York Mets : RHP Andy Reinhardt
Batting: LHB Griffin Ferris 0-0: Called Strike
0-1: Foul Ball, location: 2F
0-2: Strikes out looking
Batting: RHB Darren McCarty Jr. 0-0: DOUBLE (Line Drive, 5D, EV 96.9 MPH)
Batting: RHB Tommy Baird 0-0: Ball
1-0: Called Strike
1-1: Swinging Strike
1-2: Ball
2-2: Strikes out swinging
Batting: RHB Dave Vargas 0-0: Foul Ball, location: 2F
0-1: Ball
1-1: Swinging Strike
1-2: Foul Ball, location: 2F
1-2: TRIPLE (Line Drive, 89XD, EV 101.9 MPH)
Darren McCarty Jr. scores
Batting: LHB Seth Cook 0-0: Fly out, F6 (Popup, 6M, EV 54.4 MPH)
Bottom of the 3rd over - 1 run, 2 hits, 0 errors, 1 left on base; New York 0 - Washington 1
TOP OF THE 4TH
New York Mets batting - Pitching for Washington Nationals : RHP Jon Glenn
Batting: LHB Kyle Beaulieu 0-0: Ball
1-0: Foul Ball, location: 2F
1-1: Ball
2-1: Swinging Strike
2-2: Foul Ball, location: 2F
2-2: Strikes out swinging
Batting: SHB Roberto Magne 0-0: Called Strike
0-1: Swinging Strike
0-2: Ball
1-2: Foul Ball, location: 2F
1-2: Foul Ball, location: 2F
1-2: Ball
2-2: Foul Ball, location: 2F
2-2: Strikes out swinging
Batting: RHB Josh Jones 0-0: Fly out, F7 (Flyball, 78S, EV 93.8 MPH)
Top of the 4th over - 0 runs, 0 hits, 0 errors, 0 left on base; New York 0 - Washington 1
BOTTOM OF THE 4TH
Washington Nationals batting - Pitching for New York Mets : RHP Andy Reinhardt
Batting: RHB Kirk Arp 0-0: Ball
1-0: SINGLE (Line Drive, 89S, EV 108.8 MPH)
Batting: RHB John Sanders 0-0: Foul Ball, location: 2F
0-1: Ball
1-1: Swinging Strike
1-2: Grounds into double play, 3-6-1 (Groundball, 3, EV 111.2 MPH)
Batting: RHB Dan Fallon 0-0: SOLO HOME RUN (Flyball, 9LD, EV 105.6 MPH), Distance : 392 ft
Batting: LHB Bob Melley 0-0: Ball
1-0: Called Strike
1-1: Foul Ball, location: 2F
1-2: Ball
2-2: Ball
3-2: Ground out 4-3 (Groundball, 4, EV 81.2 MPH)
Bottom of the 4th over - 1 run, 2 hits, 0 errors, 0 left on base; New York 0 - Washington 2
TOP OF THE 5TH
New York Mets batting - Pitching for Washington Nationals : RHP Jon Glenn
Batting: SHB Jason Larson 0-0: SINGLE (Groundball, 34S, EV 68.8 MPH) (infield hit)
Batting: SHB Billy Encinias 0-0: Called Strike
Jason Larson is caught stealing 2nd base 2-6
0-1: Foul Ball, location: 2F
0-2: Ball
1-2: Foul Ball, location: 2F
1-2: Foul Ball, location: 2F
1-2: Ball
2-2: Ball
3-2: Foul Ball, location: 2F
3-2: Strikes out swinging
Batting: SHB Luke Robbins 0-0: Swinging Strike
0-1: SOLO HOME RUN (Flyball, 78XD, EV 113.1 MPH), Distance : 411 ft
Batting: RHB Devine Adams 0-0: Ground out 5-3 (Groundball, 25, EV 93.1 MPH)
Top of the 5th over - 1 run, 2 hits, 0 errors, 0 left on base; New York 1 - Washington 2
BOTTOM OF THE 5TH
Washington Nationals batting - Pitching for New York Mets : RHP Andy Reinhardt
Batting: LHB Griffin Ferris 0-0: Called Strike
0-1: Fly out, F6 (Popup, 6, EV 66.9 MPH)
Batting: RHB Darren McCarty Jr. 0-0: Called Strike
0-1: Called Strike
0-2: Ball
1-2: Foul Ball, location: 2F
1-2: SINGLE (Groundball, 56, EV 103.8 MPH)
Batting: RHB Tommy Baird 0-0: Called Strike
0-1: Ball
1-1: Called Strike
1-2: Ball
2-2: Foul Ball, location: 2F
2-2: Ball
3-2: Strikes out looking
Batting: RHB Dave Vargas 0-0: Foul Ball, location: 2F
0-1: Swinging Strike
0-2: Ball
1-2: Ball
2-2: Foul Ball, location: 2F
2-2: Foul Ball, location: 2F
2-2: Foul Ball, location: 2F
2-2: 2-RUN HOME RUN (Flyball, 9LD, EV 100.0 MPH), Distance : 372 ft
Batting: LHB Seth Cook 0-0: Foul Ball, location: 2F
0-1: Ball
1-1: Foul Ball, location: 2F
1-2: Fly out, F2 (Popup, 25F, EV 93.8 MPH)
Bottom of the 5th over - 2 runs, 2 hits, 0 errors, 0 left on base; New York 1 - Washington 4
TOP OF THE 6TH
New York Mets batting - Pitching for Washington Nationals : RHP Jon Glenn
Batting: LHB Chris Ringwood 0-0: Foul Ball, location: 2F
0-1: Called Strike
0-2: Strikes out swinging
Batting: RHB Finn Ross 0-0: Ball
1-0: Ball
2-0: Ball
3-0: Base on Balls
Batting: LHB Kyle Beaulieu 0-0: Called Strike
0-1: Swinging Strike
0-2: Strikes out swinging
Batting: SHB Roberto Magne 0-0: Ball
Finn Ross steals 2nd base (no throw)
1-0: Foul Ball, location: 2F
1-1: Ground out U3 (Groundball, 3, EV 106.9 MPH)
Top of the 6th over - 0 runs, 0 hits, 0 errors, 1 left on base; New York 1 - Washington 4
BOTTOM OF THE 6TH
Washington Nationals batting - Pitching for New York Mets : RHP Andy Reinhardt
Batting: RHB Kirk Arp 0-0: Ball
1-0: DOUBLE (Line Drive, 9LM, EV 105.6 MPH)
Batting: RHB John Sanders 0-0: SINGLE (Groundball, 6MD, EV 103.1 MPH)
Kirk Arp to third
Runner from 3rd tries for Home, SAFE, throw by CF to home
Pitching: LHP Steve Kelly
Batting: RHB Dan Fallon 0-0: Swinging Strike
0-1: Foul Ball, location: 2F
0-2: SINGLE (Groundball, 56S, EV 65.6 MPH) (infield hit)
John Sanders to second
Batting: LHB Bob Melley 0-0: Ball
1-0: Foul Ball, location: 2F
1-1: Fly out, F6 (Line Drive, 4M, EV 71.9 MPH)
Batting: LHB Griffin Ferris 0-0: Ball
Wild Pitch!
John Sanders to third
Dan Fallon to second
1-0: Ball
2-0: Foul Ball, location: 2F
2-1: Ball
3-1: Ground out 6-3 (Groundball, 6, EV 84.4 MPH)
John Sanders scores
Dan Fallon to third
Batting: RHB Darren McCarty Jr. 0-0: Foul Ball, location: 2F
0-1: Ground out 6-3 (Groundball, 6M, EV 101.9 MPH)
Bottom of the 6th over - 2 runs, 3 hits, 0 errors, 1 left on base; New York 1 - Washington 6
TOP OF THE 7TH
New York Mets batting - Pitching for Washington Nationals : RHP Jon Glenn
Batting: RHB Josh Jones 0-0: Ball
1-0: Foul Ball, location: 2F
1-1: Ball
2-1: Fly out, F7 (Line Drive, 78M, EV 102.5 MPH)
Batting: SHB Jason Larson 0-0: Ground out 4-3 (Groundball, 34S, EV 79.4 MPH)
Batting: SHB Billy Encinias 0-0: Called Strike
0-1: Ball
1-1: Ground out 5-3 (Groundball, 5, EV 101.9 MPH)
Top of the 7th over - 0 runs, 0 hits, 0 errors, 0 left on base; New York 1 - Washington 6
BOTTOM OF THE 7TH
Washington Nationals batting - Pitching for New York Mets : LHP Steve Kelly
Batting: RHB Tommy Baird 0-0: Ball
1-0: Called Strike
1-1: Ball
2-1: Foul Ball, location: 2F
2-2: Strikes out swinging
Batting: RHB Dave Vargas 0-0: Swinging Strike
0-1: Ball
1-1: Foul Ball, location: 2F
1-2: Ball
2-2: Foul Ball, location: 2F
2-2: Ball
3-2: Base on Balls
Batting: LHB Seth Cook 0-0: Ball
1-0: Called Strike
1-1: Fielders Choice at 2nd, 3-6 (Groundball, 3, EV 90.0 MPH)
Batting: RHB Kirk Arp Pickoff Throw to First - Out! 1-3 CS
Bottom of the 7th over - 0 runs, 0 hits, 0 errors, 0 left on base; New York 1 - Washington 6
TOP OF THE 8TH
New York Mets batting - Pitching for Washington Nationals : RHP Jon Glenn
Batting: SHB Luke Robbins 0-0: Ball
1-0: Swinging Strike
1-1: Called Strike
1-2: Strikes out swinging
Batting: RHB Devine Adams 0-0: Ball
1-0: Ball
2-0: Ball
3-0: Base on Balls
Batting: LHB Chris Ringwood 0-0: Called Strike
0-1: Ball
1-1: Ball
Passed Ball!
Devine Adams to second
2-1: Ball
3-1: Called Strike
3-2: Base on Balls
Pitching: RHP Seth Bowersox
Batting: RHB Finn Ross 0-0: Foul Ball, location: 2F
0-1: SINGLE (Groundball, 34D, EV 106.9 MPH)
Devine Adams to third
Chris Ringwood to second
Runner from 3rd tries for Home, SAFE, throw by RF to home
Chris Ringwood to third
Finn Ross to second
Batting: LHB Kyle Beaulieu 0-0: Called Strike
0-1: Called Strike
0-2: Ball
1-2: Ball
2-2: Ball
3-2: Strikes out swinging
Batting: SHB Roberto Magne 0-0: Ball
1-0: Called Strike
1-1: Foul Ball, location: 2F
1-2: Ball
2-2: Foul Ball, location: 2F
2-2: Ball
3-2: Base on Balls
Batting: RHB Josh Jones 0-0: Ball
1-0: Ball
2-0: Foul Ball, location: 2F
2-1: Ball
3-1: SINGLE (Flyball, 89S, EV 95.0 MPH)
Chris Ringwood scores
Finn Ross to third
Roberto Magne to second
Runner from 3rd tries for Home, SAFE, throw by RF to home
Batting: SHB Jason Larson 0-0: Ball
1-0: Fielders Choice at 2nd, 6-4 (Groundball, 6D, EV 88.8 MPH)
Top of the 8th over - 3 runs, 2 hits, 0 errors, 2 left on base; New York 4 - Washington 6
BOTTOM OF THE 8TH
Washington Nationals batting - Pitching for New York Mets : LHP Steve Kelly
Batting: RHB Kirk Arp 0-0: Called Strike
0-1: Swinging Strike
0-2: Ball
1-2: Ball
2-2: Strikes out looking
Batting: RHB John Sanders 0-0: Called Strike
0-1: Called Strike
0-2: Foul Ball, location: 2F
0-2: SINGLE (Groundball, 56D, EV 95.6 MPH)
Batting: RHB Dan Fallon 0-0: Ball
1-0: Ball
2-0: Foul Ball, location: 2F
2-1: Swinging Strike
2-2: Strikes out swinging
Batting: LHB Bob Melley 0-0: Ball
1-0: Called Strike
1-1: Swinging Strike
1-2: Ball
Wild Pitch!
John Sanders to second
2-2: Foul Ball, location: 2F
2-2: Foul Ball, location: 2F
2-2: Ball
Wild Pitch!
John Sanders to third
3-2: Foul Ball, location: 2F
3-2: Strikes out looking
Bottom of the 8th over - 0 runs, 1 hit, 0 errors, 1 left on base; New York 4 - Washington 6
TOP OF THE 9TH
New York Mets batting - Pitching for Washington Nationals : RHP Seth Bowersox
Pitching: RHP David Sly
Now at 2B: Dylan Novakowski
Now in LF: Eric Wiss
Now in CF: Tommy Baird
Batting: SHB Billy Encinias 0-0: Swinging Strike
0-1: Called Strike
0-2: Strikes out swinging
Batting: SHB Luke Robbins 0-0: Swinging Strike
0-1: Ground out 2-3 (Groundball, 2R, EV 72.5 MPH)
Batting: RHB Devine Adams 0-0: Called Strike
0-1: Ball
1-1: Foul Ball, location: 2F
1-2: Ground out 6-3 (Groundball, 6, EV 88.1 MPH)
Top of the 9th over - 0 runs, 0 hits, 0 errors, 0 left on base; New York 4 - Washington 6
Sunday, July 16th , 2023 - OOTP Baseball 24.6 Build 69